 Dungeon Sprint DCSS version 0.29.1-2-gbd0b4ee654 (webtiles) character file.

Game seed: 12393597274146475321

34451 Zeld the Executioner (level 13, -13/150 HPs)
             Began as a Minotaur Berserker on Nov 2, 2022.
             Was the Champion of Trog.
             Killed from afar by a salamander tyrant (19 damage)
             ... with a flame surge
             ... in the Dungeon (Sprint V: "Ziggurat Sprint").
             The game lasted 00:06:07 (2470 turns).

Zeld the Executioner (Minotaur Berserker)           Turns: 2470, Time: 00:06:07

Health: -13/150    AC: 36    Str: 39    XL:     13   Next: 42%
Magic:  12/12      EV:  6    Int:  4    God:    Trog [******]
Gold:   0          SH: 32    Dex: 10    Spells: 12/12 levels left

rFire   . . .      SeeInvis +   a - +14 obsidian axe {vorpal, Mesm Drain Fly SInv}
rCold   . . .      Faith    .   n - +18 shield of the Gong {rElec rN+ Will+ EV-5}
rNeg    + . .      Spirit   .   b - +15 Maxwell's patent armour {-Cast -Tele rElec Will+ rCorr}
rPois   .          Reflect  .   (helmet restricted)
rElec   +          Harm     .   (no cloak)
rCorr   +          Rampage  +   (no gloves)
Will    ++...      NoTele   +   M - +2 pair of boots {rampage}
Stlth   .......... NoCast   +   (no amulet)
HPRegen 0.35/turn               q - +6 ring of strength
MPRegen 0.13/turn               i - +6 ring of strength

@: weakened, flying, mesmerised, studying 2 skills
A: horns 2, retaliatory headbutt
a: Renounce Religion, Berserk, Trog's Hand, Brothers in Arms


You were in the Dungeon.
You worshipped Trog.
Trog was exalted by your worship.
You visited 1 branch

Inventory:

Hand Weapons
 a - the +14 obsidian axe (weapon) {vorpal, Mesm Drain Fly SInv}
   (You found it in the Dungeon)

   It inflicts extra damage upon your enemies.
   It occasionally summons demons to assist the wielder when it strikes in
   combat.
   Its wielder is mesmerised by any visible foes.
   It cannot be unequipped while any foes are visible.
   SInv:      It lets you see invisible.
   Fly:       It grants you flight.
   Drain:     It drains your maximum health when unequipped.
Armour
 b - the +15 Maxwell's patent armour (worn) {-Cast -Tele rElec Will+ rCorr}
   (You found it in the Dungeon)

   rElec:     It insulates you from electricity.
   -Cast:     It prevents spellcasting.
   -Tele:     It prevents most forms of teleportation.
   rCorr:     It protects you from acid and corrosion.
   Will:      It increases your willpower.
 n - the +18 shield of the Gong (worn) {rElec rN+ Will+ EV-5}
   (You found it in the Dungeon)

   It is deafeningly noisy when blocking attacks.
   EV:        It affects your evasion (-5).
   rElec:     It insulates you from electricity.
   rN:        It protects you from negative energy.
   Will:      It increases your willpower.
 M - a +2 pair of boots of rampaging (worn)
Jewellery
 i - a +6 ring of strength (right hand)
 q - a +6 ring of strength (left hand)
 x - a +4 ring of protection
 z - the amulet "Aniw" {Acrobat rElec Regen+ Int-4 Slay+5}
   (You found it in the Dungeon)

   [amulet of the acrobat]

   It increases your evasion while moving and waiting.
   Int:       It affects your intelligence (-4).
   Slay:      It affects your accuracy & damage with ranged weapons and melee
   (+5).
   rElec:     It insulates you from electricity.
   Regen:     It increases your rate of health regeneration.
 C - a ring of see invisible
 D - a ring of resist corrosion
 E - the ring of the Lumpy Cities {rElec rCorr}
   (You found it in the Dungeon)

   [ring of resist corrosion]

   rElec:     It insulates you from electricity.
   rCorr:     It protects you from acid and corrosion.
 F - a ring of fire
 G - an amulet of reflection
 H - a ring of willpower
 I - the ring "Vatrydesk" {rElec rC+ EV+4 Int+3 Dex-4}
   (You found it in the Dungeon)

   [ring of evasion]

   EV:        It affects your evasion (+4).
   Int:       It affects your intelligence (+3).
   Dex:       It affects your dexterity (-4).
   rC:        It protects you from cold.
   rElec:     It insulates you from electricity.
 J - the amulet "Gunet" {Reflect Fragile +Blink Str+2 SH+5}
   (You found it in the Dungeon)

   [amulet of reflection]

   It reflects blocked missile attacks.
   Str:       It affects your strength (+2).
   +Blink:    It lets you blink.
   Fragile:   It will be destroyed if unequipped.
   SH:        It affects your SH (+5).
 L - a ring of fire
 N - the ring of Ostreank {rPois Will+ Dex+2}
   (You found it in the Dungeon)

   [ring of willpower]

   Dex:       It affects your dexterity (+2).
   rPois:     It protects you from poison.
   Will:      It increases your willpower.
 P - an amulet of magic regeneration
 Q - the dreamshard necklace {*Dream Drain}
   (You found it in the Dungeon)

   [amulet of nothing]

   It shatters if its wearer takes lethal or near-lethal damage, preventing the
   blow and releasing protective dreams that heal and fight for the wearer.
   Drain:     It drains your maximum health when unequipped.
 R - a ring of protection from fire
 S - the amulet "Unaehutu" {Spirit rPois rF+ Str+4}
   (You found it in the Dungeon)

   [amulet of guardian spirit]

   It causes incoming damage to be divided between your reserves of health and
   magic.
   Str:       It affects your strength (+4).
   rF:        It protects you from fire.
   rPois:     It protects you from poison.
 T - the amulet "Jakoun" {RegenMP rPois Dex-5 Stlth+}
   (You found it in the Dungeon)

   [amulet of magic regeneration]

   It increases your rate of magic regeneration.
   Dex:       It affects your dexterity (-5).
   rPois:     It protects you from poison.
   Stlth:     It makes you more stealthy.
 U - a ring of poison resistance
 V - a +6 ring of strength
 W - an amulet of faith
Wands
 j - a wand of mindburst (7)
 k - a wand of iceblast (7)
 l - a wand of acid (7)
Scrolls
 h - 4 scrolls of blinking
 o - 7 scrolls of butterflies
 p - 5 scrolls of identify
 r - 2 scrolls of fear
 y - 5 scrolls of brand weapon
 K - 4 scrolls of enchant weapon
Potions
 c - 10 potions of curing
 d - 9 potions of heal wounds
 e - 10 potions of haste
 f - 7 potions of magic
 g - 3 potions of berserk rage
 s - 2 potions of invisibility
 t - 4 potions of resistance
 u - a potion of experience
 v - 6 potions of might
Miscellaneous
 m - a lightning rod (4/4)
 w - a phantom mirror
 A - a condenser vane
 B - a box of beasts
 O - a phial of floods


   Skills:
 + Level 24.1 Fighting
 + Level 25.9 Axes
 + Level 16.3 Armour
 + Level 9.0 Dodging
 + Level 3.7 Stealth
 + Level 18.8 Shields


You had 12 spell levels left.
You didn't know any spells.
Your spell library was empty.

Dungeon Overview and Level Annotations

Branches:
Dungeon (1/1)

Altars:
Ashenzari
Cheibriados
Dithmenos
Elyvilon
Fedhas
Gozag
Hepliaklqana
Kikubaaqudgha
Makhleb
Nemelex Xobeh
Okawaru
Qazlal
Ru
Sif Muna
Trog
Uskayaw
Vehumet
Wu Jian
Xom
Yredelemnul
Zin
The Shining One
Jiyva
Lugonu


Innate Abilities, Weirdness & Mutations

You have a pair of horns on your head.
You reflexively headbutt those who attack you in melee.


Message History

You cannot move away from the salamander tyrant!
You cannot blink because you are wearing the +15 Maxwell's patent armour {-Cast -Tele rElec Will+ rCorr}.
There are monsters nearby!
There are monsters nearby!
There are monsters nearby!
Unknown command.
You cannot blink because you are wearing the +15 Maxwell's patent armour {-Cast -Tele rElec Will+ rCorr}.
There are monsters nearby!
Unknown command.
Visions of slaying the salamander tyrant flood into your mind.
The fire giant shouts!
You hear a shout! x2
The hellephant blinks!
A fire giant comes into view.
It is wielding a +2 great mace of protection.
A fire giant comes into view.
It is wielding a +1 great sword of flaming.
A hell hog comes into view.
A tormentor comes into view.
The salamander tyrant calls gouts of flame from the lava!
The flame surge hits you!! The hell hog breathes fire at you.
The fireball explodes!
The fireball engulfs you!!
The salamander tyrant rends the earth beneath you!
The blast of magma engulfs you!!
* * * LOW HITPOINT WARNING * * *
The fire giant shouts!
Unknown command.
Unknown command.
You feel much better.
Visions of slaying the hell hog flood into your mind.
The tormentor roars!
The salamander tyrant calls gouts of flame from the lava!
The flame surge hits you!!
* * * LOW HITPOINT WARNING * * *
A hell hog comes into view.
The hell hog breathes fire at you.
The fireball explodes!
The fireball engulfs you!
* * * LOW HITPOINT WARNING * * *
The salamander tyrant gazes fiercely through you!
You feel your attacks grow feeble.
The salamander tyrant calls gouts of flame from the lava!
The flame surge hits you!!
You die...

▓...)))...
▓..)N})|N2h|..▓...).†)..
▓.C2..hC.NY2..▓..▓..)†.▓
▓..hYnC.......▓.▓.▓...▓.
▓......Nh.....▓..▓.....▓
▓.............▓.....©...
▓.............▓▓▓▓▓▓▓▓▓▓
..▓..≈≈≈..▓..▓...8©8...
▓ ▓.▓.≈@≈.▓.▓ ▓...:}[)=.
▓..▓...§≈..▓..▓..:[[))..
▓......§......▓.........
▓......©......▓.........
▓▓▓▓▓▓▓▓▓▓▓▓▓▓▓.........
▓......... ▓..)††....
▓.▓†)†..▓. ▓....©....


You could see 2 hellephants, a searing wretch, 3 fire giants, 2 balrugs, 4
salamander tyrants, 4 hell hogs and a tormentor.

Vanquished Creatures
  A shadow dragon (D)
  A nagaraja (D)
  A broodmother (D)
  A yellow draconian (D)
  A catoblepas (D)
  2 hydras (D)
  3 anacondas (D)
  2 two-headed ogres (D)
  2 dancing weapons (D)
  A naga warrior (D)
  A spriggan berserker (D)
  A deep elf knight (D)
  4 soul eaters (D)
  A steelbarb worm (D)
  A deep elf zephyrmancer (D)
  2 ugly things (D)
  An orc sorcerer (D)
  A cyclops (D)
  3 draconians (D)
  2 guardian serpents (D)
  A torpor snail (D)
  An eye of devastation (D)
  6 black mambas (D)
  2 cane toads (D)
  5 naga magi (D)
  3 komodo dragons (D)
  A rime drake (D)
  A meliai (D)
  A troll (D)
  A polar bear (D)
  A blink frog (shapeshifter) (D)
  3 merfolk (D)
  3 hornets (D)
  A blink frog (D)
  A dream sheep (D)
  3 jumping spiders (D)
  3 wyverns (D)
  4 spriggans (D)
  A human (shapeshifter) (D)
  A fire elemental (D)
  3 basilisks (D)
  2 steam dragons (D)
  2 redbacks (D)
  2 nagas (D)
  A warg (D)
  6 water moccasins (D)
  2 swamp drakes (D)
  6 orc warriors (D)
  4 ogres (D)
  A black bear (D)
  2 wolves (D)
  2 bullfrogs (D)
  A scorpion (shapeshifter) (D)
  3 scorpions (D)
  An earth elemental (D)
  2 jellies (D)
  A hell rat (D)
  4 adders (D)
  3 adder zombies (D)
  2 spectral bats (D)
  A bat skeleton (D)
  An endoplasm (D)
  A ball python (D)
  A ball python skeleton (D)
  A giant cockroach zombie (D)
130 creatures vanquished.

Vanquished Creatures (collateral kills)
  A sun moth (D)
  A deep elf archer (D)
  A deep elf pyromancer (D)
  A shining eye (D)
  A naga mage (D)
  2 komodo dragons (D)
  A slime creature (D)
  A jumping spider (D)
  An air elemental (D)
  A yak (D)
  A golden eye (D)
  A basilisk (D)
  A naga (D)
  An ogre (D)
  A jelly (D)
  A quokka zombie (D)
17 creatures vanquished.

Grand Total: 147 creatures vanquished

Notes
Turn   | Place    | Note
-------+----------+-------------------------------------------
     0 | D        | Zeld the Minotaur Berserker began the quest for the Orb.
     0 | D        | Reached XP level 1. HP: 19/19 MP: 0/0
    12 | D        | Found a blossoming altar of Fedhas.
    12 | D        | Found the +6 Majin-Bo {vamp, MP+6 Int+6}
    12 | D        | Found the +9 heavy crossbow "Sniper" {vorpal, Acc+∞ SInv}
    12 | D        | Found the +10 dark maul {vorpal}
    12 | D        | Found the +15 Maxwell's patent armour {-Cast -Tele rElec
                  | Will+ rCorr}
    12 | D        | Found the +18 shield of the Gong {rElec rN+ Will+ EV-5}
    12 | D        | Found the +14 obsidian axe {vorpal, Mesm Drain Fly SInv}
    12 | D        | Found the +7 great mace "Firestarter" {inner flame, rF++}
    12 | D        | Found the +6 shillelagh "Devastator" {shatter}
    12 | D        | Found the +11 plutonium sword {Contam Stlth-}
    12 | D        | Found the +8 lance "Wyrmbane" {slay drac, rPois rF+ rC+
                  | AC+3}
    12 | D        | Found the +9 sword of Zonguldrok {reap}
    12 | D        | Found the +13 scythe of Curses {drain, Drain}
    12 | D        | Found the +5 sword of Power {vorpal}
    12 | D        | Found the +7 mace of Variability {chain chaos}
    12 | D        | Found the +7 Singing Sword {vorpal, sonic wave}
    12 | D        | Found the +8 storm bow {elec, penet}
    13 | D        | Found a viscous altar of Jiyva.
    13 | D        | Found a hazy altar of Hepliaklqana.
    13 | D        | Found a transporter.
    13 | D        | Found an opulent altar of Gozag.
    13 | D        | Found an ancient bone altar of Kikubaaqudgha.
    13 | D        | Found a corrupted altar of Lugonu.
    15 | D        | Found a burning altar of Makhleb.
    16 | D        | Found a stormy altar of Qazlal.
    16 | D        | Found an iron altar of Okawaru.
    16 | D        | Found a sacrificial altar of Ru.
    16 | D        | Found a sparkling altar of Nemelex Xobeh.
    16 | D        | Found a shimmering blue altar of Sif Muna.
    16 | D        | Found a bloodstained altar of Trog.
    74 | D        | Entered arena 2.
    74 | D        | Found the +4 robe of Folly {Brilliance Will-∞ Int+8}
    74 | D        | Noticed a water moccasin
    74 | D        | Found a transporter.
    77 | D        | Reached skill level 4 in Axes
    77 | D        | Reached XP level 2. HP: 28/28 MP: 1/1
    77 | D        | Killed a water moccasin
    78 | D        | Reached skill level 8 in Axes
    78 | D        | Reached XP level 3. HP: 40/40 MP: 2/2
    78 | D        | Reached XP level 4. HP: 48/48 MP: 3/3
   235 | D        | Entered arena 3.
   235 | D        | Noticed a merfolk
   235 | D        | Noticed a merfolk
   235 | D        | Noticed a merfolk
   235 | D        | Found a transporter.
   241 | D        | Killed a merfolk
   241 | D        | Reached ** piety under Trog
   242 | D        | Reached skill level 10 in Axes
   242 | D        | Reached skill level 5 in Armour
   242 | D        | Reached skill level 1 in Shields
   242 | D        | Reached XP level 5. HP: 51/58 MP: 4/4
   242 | D        | Reached XP level 6. HP: 58/66 MP: 5/5
   242 | D        | Killed a merfolk
   243 | D        | Reached skill level 12 in Axes
   243 | D        | Reached skill level 5 in Dodging
   243 | D        | Reached XP level 7. HP: 66/74 MP: 6/6
   243 | D        | Killed a merfolk
   244 | D        | Reached skill level 13 in Axes
   631 | D        | Entered arena 4.
   631 | D        | Noticed a jumping spider
   631 | D        | Found a transporter.
   635 | D        | Reached *** piety under Trog
   651 | D        | Killed a jumping spider
   652 | D        | Reached skill level 14 in Axes
   652 | D        | Reached XP level 8. HP: 72/83 MP: 7/7
   700 | D        | Got the amulet "Aniw" {Acrobat rElec Regen+ Int-4 Slay+5}
   763 | D        | Entered arena 5.
   763 | D        | Noticed a yellow draconian
   763 | D        | Noticed a draconian
   763 | D        | Noticed a draconian
   763 | D        | Noticed a draconian
   763 | D        | Found a transporter.
   769 | D        | Killed a draconian
   770 | D        | Reached skill level 5 in Shields
   771 | D        | Killed a draconian
   771 | D        | Reached **** piety under Trog
   772 | D        | Reached skill level 15 in Axes
   774 | D        | Killed a draconian
   775 | D        | Reached skill level 16 in Axes
   775 | D        | Reached skill level 10 in Armour
   775 | D        | Reached XP level 9. HP: 93/93 MP: 8/8
   777 | D        | Killed a yellow draconian
   778 | D        | Reached skill level 17 in Axes
   870 | D        | Entered arena 6.
   870 | D        | Noticed a white ugly thing
   870 | D        | Noticed a purple ugly thing
   870 | D        | Found a transporter.
   875 | D        | Killed a purple ugly thing
   877 | D        | Killed a white ugly thing
   877 | D        | Reached ***** piety under Trog
   878 | D        | Reached skill level 18 in Axes
   878 | D        | Reached XP level 10. HP: 104/104 MP: 9/9
  1014 | D        | Entered arena 7.
  1015 | D        | Found a transporter.
  1026 | D        | Received a gift from Trog
  1027 | D        | Reached skill level 15 in Fighting
  1233 | D        | Entered arena 8.
  1233 | D        | Found the +7 captain's cutlass {speed, disarm}
  1234 | D        | Found a transporter.
  1239 | D        | Reached skill level 19 in Axes
  1285 | D        | Entered arena 9.
  1285 | D        | Noticed a cyclops
  1285 | D        | Noticed a two-headed ogre
  1285 | D        | Noticed a two-headed ogre
  1288 | D        | Found a transporter.
  1289 | D        | Killed a two-headed ogre
  1289 | D        | Reached ****** piety under Trog
  1290 | D        | Reached skill level 10 in Shields
  1291 | D        | Killed a two-headed ogre
  1292 | D        | Reached skill level 20 in Axes
  1295 | D        | Killed a cyclops
  1314 | D        | Got the ring of the Lumpy Cities {rElec rCorr}
  1371 | D        | Entered arena 10.
  1371 | D        | Noticed an eye of devastation
  1371 | D        | Noticed a shining eye
  1372 | D        | Found a transporter.
  1374 | D        | Received a gift from Trog
  1375 | D        | Killed a shining eye
  1376 | D        | Reached XP level 11. HP: 113/114 MP: 10/10
  1417 | D        | Got the ring "Vatrydesk" {rElec rC+ EV+4 Int+3 Dex-4}
  1421 | D        | Entered arena 11.
  1421 | D        | Noticed a deep elf knight
  1421 | D        | Noticed a +2 vampiric trident
  1421 | D        | Noticed a +2 hand axe of flaming
  1421 | D        | Noticed a deep elf zephyrmancer
  1421 | D        | Noticed a deep elf archer
  1421 | D        | Noticed a deep elf pyromancer
  1422 | D        | Found a transporter.
  1423 | D        | Received a gift from Trog
  1424 | D        | Reached skill level 1 in Stealth
  1425 | D        | Reached skill level 21 in Axes
  1426 | D        | Killed a +2 hand axe of flaming
  1426 | D        | Killed a deep elf pyromancer
  1428 | D        | Killed a +2 vampiric trident
  1430 | D        | Killed a deep elf zephyrmancer
  1430 | D        | Received a gift from Trog
  1434 | D        | Killed a deep elf archer
  1435 | D        | Reached skill level 22 in Axes
  1436 | D        | Killed a deep elf knight
  1513 | D        | Got the amulet "Gunet" {Reflect Fragile +Blink Str+2 SH+5}
  1594 | D        | Entered arena 12.
  1594 | D        | Noticed an orc sorcerer
  1595 | D        | Identified the +10 rapier "Geinlont" {vorpal, rF+ Will+
                  | Str-5}
  1595 | D        | Identified the +9 morningstar "Piahag" {flame, Dex+6
                  | Stlth-}
  1596 | D        | Found a transporter.
  1601 | D        | Received a gift from Trog
  1606 | D        | Killed an orc sorcerer
  1606 | D        | Received a gift from Trog
  1641 | D        | Entered arena 13.
  1641 | D        | Noticed a spriggan berserker
  1649 | D        | Received a gift from Trog
  1650 | D        | Reached skill level 23 in Axes
  1652 | D        | Killed a spriggan berserker
  1653 | D        | Reached XP level 12. HP: 115/128 MP: 11/11
  1663 | D        | Found a transporter.
  1792 | D        | Entered arena 14.
  1793 | D        | Noticed an anaconda
  1794 | D        | Noticed a naga warrior
  1794 | D        | Found a transporter.
  1798 | D        | Killed an anaconda
  1799 | D        | Identified the +8 war axe of Contention {vorpal, rN+ Str+6}
                  | (Trog gifted it to you in the Dungeon)
  1799 | D        | Received a gift from Trog
  1805 | D        | Received a gift from Trog
  1807 | D        | Killed a naga warrior
  1953 | D        | Entered arena 15.
  1954 | D        | Noticed a broodmother
  1955 | D        | Found a transporter.
  1960 | D        | Reached skill level 24 in Axes
  1960 | D        | Received a gift from Trog
  1961 | D        | Reached skill level 15 in Armour
  1961 | D        | Reached skill level 15 in Shields
  1964 | D        | Killed a broodmother
  1965 | D        | Received a gift from Trog
  1966 | D        | Found the +5 lochaber axe {reach-cleave, poleaxe}
  2010 | D        | Got the ring of Ostreank {rPois Will+ Dex+2}
  2070 | D        | Entered arena 16.
  2072 | D        | Noticed a shadow dragon
  2072 | D        | Found a transporter.
  2079 | D        | Received a gift from Trog
  2090 | D        | Received a gift from Trog
  2092 | D        | Killed a shadow dragon
  2093 | D        | Reached skill level 25 in Axes
  2170 | D        | Entered arena 17.
  2173 | D        | Noticed an anaconda
  2173 | D        | Noticed an anaconda
  2174 | D        | Noticed a nagaraja
  2174 | D        | Found the dreamshard necklace {*Dream Drain}
  2174 | D        | Found a transporter.
  2178 | D        | Killed an anaconda
  2178 | D        | Killed an anaconda
  2179 | D        | Reached XP level 13. HP: 145/145 MP: 12/12
  2179 | D        | Received a gift from Trog
  2182 | D        | Received a gift from Trog
  2187 | D        | Killed a nagaraja
  2327 | D        | Got the amulet "Unaehutu" {Spirit rPois rF+ Str+4}
  2339 | D        | Entered arena 18.
  2343 | D        | Found a transporter.
  2347 | D        | Identified the +8 battleaxe "Trog's Wrath" {vorpal, SInv}
                  | (Trog gifted it to you in the Dungeon)
  2347 | D        | Received a gift from Trog
  2360 | D        | Received a gift from Trog
  2439 | D        | Got the amulet "Jakoun" {RegenMP rPois Dex-5 Stlth+}
  2465 | D        | Entered arena 19.
  2468 | D        | Noticed a balrug
  2468 | D        | Noticed a hellephant
  2468 | D        | Noticed a balrug
  2468 | D        | Noticed a fire giant
  2468 | D        | Noticed a searing wretch
  2468 | D        | Noticed a hellephant
  2469 | D        | Noticed a fire giant
  2469 | D        | Noticed a fire giant
  2470 | D        | HP: 6/150 [hell hog/fireball (16)]
  2470 | D        | Killed from afar by a salamander tyrant

Illustrated notes

Levels and vault maps discovered:
D:        sprint_v [room_start, room_1, room_2, room_3, room_4, room_5, room_6,
          room_7, room_8, room_9, room_10, room_11, room_12, room_13, room_14,
          room_15, room_16, room_17, room_18, room_19, room_20, room_21,
          room_22, room_23, room_24, room_25, room_26, room_27]

Skill      XL: |  1  2  3  4  5  6  7  8  9 10 11 12 13 |
---------------+----------------------------------------+-----
Fighting       | 4 7 9 11 12 13 14 16 18 21 24 | 24.1
Axes           | 4 8 10 12 14 16 18 20 23 25 | 25.9
Armour         | 4 5 6 8 10 11 13 14 15 16 | 16.3
Dodging        | 3 4 5 6 7 8 9 |  9.0
Shields        | 1 2 4 6 8 11 13 17 18 | 18.8
Stealth        | 2 3 |  3.7

Action                   |  1- 3 |  4- 6 |  7- 9 | 10-12 | 13-15 || total
-------------------------+-------+-------+-------+-------+-------++-------
Melee: Broad axe         |     2 |     4 |    29 |   105 |    27 ||   167
       Headbutt          |       |     2 |     7 |    14 |     5 ||    28
Invok: Berserk           |       |     1 |     2 |     8 |     1 ||    12
  Use: Potion            |       |       |       |       |     1 ||     1
 Stab: Distracted        |       |       |       |     2 |     1 ||     3
Armor: Plate armour      |     1 |     2 |    17 |    41 |    10 ||    71
Dodge: Dodged            |       |       |     3 |    13 |       ||    16
Block: Kite shield       |     5 |    10 |    23 |   122 |    20 ||   180
